 Dungeon Crawl Stone Soup version 0.19.5 (webtiles) character file.

27 tidbits the Slasher (level 2, 1/19 HPs)
             Began as a High Elf Skald on Nov 17, 2017.
             Quit the game on level 3 of the Dungeon.
             The game lasted 00:05:54 (923 turns).

tidbits the Slasher (High Elf Skald)                 Turns: 923, Time: 00:05:54

Health: 1/19       AC:  3    Str: 11    XL:     2   Next: 93%
Magic:  2/6        EV: 11    Int: 15    God:
Gold:   106        SH:  0    Dex: 14    Spells: 3 memorised, 1 level left

rFire  . . .     SeeInvis .     a - +0 long sword
rCold  . . .     Gourm    .     b - +0 leather armour
rNeg   . . .     Faith    .     (no shield)
rPois  .         Spirit   .     (no helmet)
rElec  .         Reflect  .     (no cloak)
rCorr  .         Harm     .     (no gloves)
MR     .....                    (no boots)
Stlth  +.........               (no amulet)
                                (no ring)
                                (no ring)

@: lethally poisoned (1 -> -5), infused, very slightly contaminated
A: no striking features
a: no special abilities


You were on level 3 of the Dungeon.
You were not hungry.

You visited 1 branch of the dungeon, and saw 3 of its levels.

You collected 106 gold pieces.

Inventory:

Hand Weapons
 a - a +0 long sword (weapon)
   (You found it on level 3 of the Dungeon)
 e - a +0 hunting sling
   (You found it on level 1 of the Dungeon)
 n - a +0 falchion
Missiles
 f - 36 arrows
Armour
 b - a +0 leather armour (worn)
Scrolls
 g - a scroll of random uselessness {unknown}
 i - 2 scrolls of identify {unknown}
 j - a scroll of fog {unknown}
 l - a scroll of enchant weapon {unknown}
 m - 3 scrolls of fear {unknown}
 o - a scroll of enchant armour {unknown}
Books
 c - a book of Battle

   Spells                             Type                      Level
   a - Infusion                       Charms                       1
   b - Shroud of Golubria             Charms/Translocation         2
   c - Song of Slaying                Charms                       2
   d - Spectral Weapon                Hexes/Charms                 3
   e - Regeneration                   Charms/Necromancy            3
Comestibles
 d - a bread ration
 h - a meat ration
 k - a beef jerky


   Skills:
 - Level 2.0 Fighting
 + Level 4.1 Long Blades
 - Level 0.8 Armour
 - Level 1.1 Dodging
 - Level 2.5 Spellcasting
 - Level 3.6 Charms


You had one spell level left.
You knew the following spells:

 Your Spells              Type           Power        Failure   Level  Hunger
g - Shroud of Golubria    Chrm/Tloc      #.........   24%         2    ###....
i - Infusion              Chrm           ##..         10%         1    #......
y - Song of Slaying       Chrm           ##......     12%         2    ###....


Dungeon Overview and Level Annotations

Branches:
Dungeon (3/15)

Altars:
Elyvilon
Nemelex Xobeh


Message History

There is a stone staircase leading down here.
You climb downwards.
There is a stone staircase leading up here.
You are no longer magically infusing your attacks.
Found a stone staircase leading down.
Found a stone staircase leading up.
Found 25 stones.
Found 8 gold pieces.
You see here 8 gold pieces.
You now have 106 gold pieces (gained 8).
Found a long sword.
A kobold comes into view.
The kobold shouts!
A rat comes into view.
The kobold misses you.
You riposte.
You closely miss the kobold.
Found a scroll labeled OBUDYA ZINITE.
A rat comes into view.
You see here a long sword.
n - a long sword The rat moves out of view.
The kobold misses you.
Wield which item (- for none, * to show all)? (? for menu, Esc to quit)
n - a +0 long sword (weapon)
Casting: Infusion
Confirm with . or Enter, or press ? or * to list all spells.
You miscast Infusion.
You are very lightly contaminated with residual magic.
The air around you crackles with energy!
The kobold hits you but does no damage.
Casting: Infusion
Confirm with . or Enter, or press ? or * to list all spells.
You begin infusing your attacks with magical energy.
The kobold barely misses you.
You riposte.
You slash the kobold!
You kill the kobold!
The rat bites you. The rat bites you but does no damage.
You see here a kobold corpse.
You completely miss the rat. The rat misses you.
You riposte.
You hit the rat.
You kill the rat!
Adjust (i)tems, (s)pells, or (a)bilities?
Adjust which item? (? for menu, Esc to quit)
n - a +0 long sword (weapon)
Adjust to which letter? (? for menu, Esc to quit)
a - a +0 long sword (weapon);
n - a +0 falchion Your magical infusion is running out.
You hit the rat.
You kill the rat!
You are no longer magically infusing your attacks.
You see here a scroll labeled OBUDYA ZINITE.
o - a scroll labeled OBUDYA ZINITE A giant cockroach comes into view.
The giant cockroach bites you but does no damage.
The giant cockroach closely misses you.
You riposte.
You closely miss the giant cockroach. The giant cockroach closely misses you.
You hit the giant cockroach.
You kill the giant cockroach!
Your magical contamination has completely faded away.
You open the door.
There is an open door here.
Found two faded altars of an unknown god.
Found a faded altar of an unknown god.
Found a faded altar of an unknown god.
Found a sparkling altar of Nemelex Xobeh.
There is an open door here.
An adder comes into view.
Casting: Infusion
Confirm with . or Enter, or press ? or * to list all spells.
You begin infusing your attacks with magical energy.
Casting: Infusion
Confirm with . or Enter, or press ? or * to list all spells.
You miscast Shroud of Golubria.
You are very lightly contaminated with residual magic.
Nothing appears to happen.
There is an open door here.
The adder bites you.
You hit the adder.
The adder is lightly wounded.
The adder bites you.
You closely miss the adder.
The adder is lightly wounded.
The adder closely misses you. The adder bites you.
You completely miss the adder.
The adder is lightly wounded.
The adder bites you.
* * * LOW HITPOINT WARNING * * *
You are poisoned.
The adder poisons you!
You hit the adder.
The adder is severely wounded.
You feel sick. The adder barely misses you. x2
You miss the adder.
The adder is severely wounded.
The adder bites you.
* * * LOW HITPOINT WARNING * * *
The adder bites you.
* * * LOW HITPOINT WARNING * * *
You aren't carrying any potions.
Unknown command.
You aren't carrying any potions.
Are you sure you want to abandon this character and quit the game? (Confirm with "yes".)

.....#..††....#####.......#......
#.............##_##.#............
##........####...######.##......
#........##.........##..(.......
#......###..##...##..###....#.#
#......#_..###_._###.._#....#
##.....###..#######..###....#
#.......##.........##......#
#.......######@######.#....#
####....#...##S#.<.....#...#
####....#...........#..#.>.#
.........#........####..##.##
.........#.....##...........#
....................###.#.#..#
..........#..................#
####......#..........##.#.#.##
#......#.#.##.....#..#.....


You could see an adder.

Vanquished Creatures
  4 giant cockroaches
  2 goblins (D:2)
  2 hobgoblins
  3 jackals (D:2)
  4 bats
  4 frilled lizards
  4 kobolds
  4 rats
27 creatures vanquished.

Notes
Turn   | Place    | Note
-------+----------+-------------------------------------------
     0 | D:1      | tidbits the High Elf Skald began the quest for the Orb.
     0 | D:1      | Reached XP level 1. HP: 14/14 MP: 4/4
   288 | D:2      | Reached skill level 3 in Long Blades
   319 | D:2      | Reached XP level 2. HP: 10/19 MP: 1/6
   323 | D:2      | Learned a level 2 spell: Song of Slaying
   326 | D:2      | Learned a level 2 spell: Shroud of Golubria
   634 | D:2      | Found a white marble altar of Elyvilon.
   786 | D:2      | Reached skill level 4 in Long Blades
   890 | D:3      | Found a faded altar of an unknown god.
   890 | D:3      | Found a faded altar of an unknown god.
   895 | D:3      | Found a faded altar of an unknown god.
   897 | D:3      | Found a faded altar of an unknown god.
   898 | D:3      | Found a sparkling altar of Nemelex Xobeh.
   922 | D:3      | HP: 1/19 [adder (4)]
   923 | D:3      | Quit the game

Skill      XL: |  1  2 |
---------------+-------+-----
Long Blades    | 3 4 |  4.1
Fighting       | |  2.0
Armour         | |  0.8
Dodging        | |  1.1
Spellcasting   | |  2.5
Charms         | |  3.6

Action                   || total
-------------------------++-------
Melee: Falchion          ||    42
       Long sword        ||     8
 Cast: Infusion          ||    16
Armor: Leather armour    ||    22
Dodge: Dodged            ||    54
       Rpst.: Falchion   ||    18
       Long sword        ||     3

Table legend:
 A = Turns spent in this place as a percentage of turns spent in the entire game.
 B = Non-inter-level travel turns spent in this place as a percentage of non-inter-level travel turns spent in the entire game.
 C = Inter-level travel turns spent in this place as a percentage of turns spent in this place.
 D = Turns resting spent in this place as a percentage of non-inter-level travel turns spent in this place.
 E = Turns spent auto-exploring this place as a percentage of non-inter-level travel turns spent in this place.
 F = Non-inter-level travel turns spent in this place divided by the number of levels of this place that you've seen.
                   A       B       C       D       E      F
               +-------+-------+-------+-------+-------+----------------------
         Total | 100.0 | 100.0 |   0.3 |   0.0 |   0.0 | 252.3
       Dungeon | 100.0 | 100.0 |   0.3 |   0.0 |   0.0 | 252.3
               +-------+-------+-------+-------+-------+----------------------

Table legend:
 A = Kills in this place as a percentage of kills in entire the game.
 B = Kills by you in this place as a percentage of kills by you in the entire game.
 C = Kills by friends in this place as a percentage of kills by friends in the entire game.
 D = Other kills in this place as a percentage of other kills in the entire game.
 E = Experience gained in this place as a percentage of experience gained in the entire game.
 F = Experience gained in this place divided by the number of levels of this place that you have seen.
                   A       B       C       D       E      F
               +-------+-------+-------+-------+-------+----------------------
         Total | 100.0 | 100.0 |  -nan |  -nan | 100.0 |  13.0
       Dungeon | 100.0 | 100.0 |  -nan |  -nan | 100.0 |  13.0
               +-------+-------+-------+-------+-------+----------------------

Vault maps used:
D:1:      dpeg_arrival_erosion, serial_park_tiny_1, minmay_small_reverse_x
D:2:      elyvilon_altar_5
D:3:      lemuel_doored_altar, chequers_temple_overflow_minitemple,
          cheibrodos_ashenzari_chains
